AoeStats
← Nefurious Weasel

Four Lakes

509265982Analyzed
1v1 RM · 7d ago on Sep 26, 2026· 36m 40s· 2 players
Game mode
Random Map
Map size
Tiny (2 player)
Population
200
Speed
Normal
Resources
Standard
Victory
Conquest
Starting age
Dark Age
Ending age
Imperial Age
RankedLock teamsTeams togetherTeam positionsShared explorationLock speedFull tech treeHidden civsTurbo modeCheats
Victory
Defeat
🇨🇴 Spanish · Colombia
936
+17
🇺🇸 Persians · United States
949
-49
AgeOfCotton
6:09 Loom
10:04 Feudal Age
11:08 Horse Collar
11:15 Double-Bit Axe
19:58 Castle Age
18:07 Scale Barding Armor
19:17 Bloodlines
21:49 Chain Barding Armor
23:04 Bow Saw
22:58 Heavy Plow
25:48 Husbandry
28:44 Wheelbarrow
27:54 Town Watch
28:33 Fletching
28:54 Forging
33:36 Imperial Age
31:41 Inquisition
33:00 Bodkin Arrow
33:42 Iron Casting
36:41 Plate Barding Armor
36:09 Bracer
35:31 Cavalier
Nefurious Weasel
5:47 Loom
12:55 Feudal Age
15:13 Wheelbarrow
25:09 Castle Age
33:48 Imperial Age
Connection lost

Rejoining the realm…

Still unreachable

The connection could not be restored.

Session expired

The server has moved on; the page needs a fresh start.